Description

Glaive Adept Rush. Continue building probes till you have 28 with 3 on 2 gasses.

Build Order

Get SALT Encoding   

  12  0:00  Probe  
  13  0:12  Probe  
  14  0:17  Pylon  
  14  0:24  Probe  
  15  0:36  Probe (Chrono Boost)  
  16  0:37  Gateway  
  16  0:44  Probe  
  17  0:52  Probe  
  18  1:02  Probe  
  19  1:03  Assimilator  
  19  1:14  Probe  
  20  1:22  Nexus  
  20  1:26  Probe  
  21  1:38  Probe  
  22  1:39  Pylon  
  22  1:44  Gateway  
  23  1:56  Cybernetics Core  
  24  2:08  Gateway  
  25  2:28  Gateway  
  25  2:34  Warp Gate (Chrono Boost)  2 times
  25  2:35  Adept  
  27  2:36  Adept  
  30  2:38  Assimilator  
  32  2:54  Adept  
  34  2:58  Twilight Council  
  34  3:04  Adept x2  
  38  3:14  Adept  
  40  3:24  Adept  
  42  3:25  Pylon  
  42  3:34  Adept x2  
  46  3:40  Resonating Glaives (Chrono Boost)  
  46  3:49  Adept  
  48  3:59  Adept  
  50  4:00  Pylon  
  50  4:16  Adept x2  
  54  4:23  Adept  
  54  4:26  Pylon  
  54  4:27  Adept  
  56  4:31  Adept  
  58  4:36  Adept x2  
  62  4:37  Pylon  
  62  4:44  Adept x2  
  66  4:56  Adept x2  
  70  4:57  Adept x2  
Spawning Tool Build Advisor. Get it on Overwolf

Go to:

Details

  • Created by: LightWisdom
  • Published on: Jan 10, 2021
  • Modified on: Jan 10, 2021
  • Patch: 4.11.0
  • Difficulty: Medium
Show
View Real Time Build Order
Export as new Build Order

Comments (0)

There are no comments. Be the first!

Create an account to comment!